% Time on Ice - LONG BEACH BARACUDAS
Lines # - Real PCT - Wanted PCT - Time Play
Normal Forward
1 - 23% - 36% - 10:57
2 - 42% - 31% - 20:13
3 - 20% - 23% - 9:48
4 - 15% - 10% - 7:08
Normal Defense
1 - 33% - 36% - 15:45
2 - 31% - 31% - 14:45
3 - 32% - 23% - 15:34
4 - 4% - 10% - 2:02
PP Forward
1 - 49% - 55% - 4:54
2 - 51% - 45% - 5:01
PP Defense
1 - 42% - 55% - 4:10
2 - 58% - 45% - 5:45
PK Forward
1 - 64% - 55% - 1:16
2 - 36% - 45% - 0:43
PK Defense
1 - 53% - 55% - 1:03
2 - 47% - 45% - 0:56
PK3 Forward
1 - 0% - 55%
2 - 0% - 45%
PK3 Defense
1 - 0% - 55%
2 - 0% - 45%
44 Forward
1 - 0% - 55%
2 - 0% - 45%
44 Defense
1 - 0% - 55%
2 - 0% - 45%
Last Minute Offensive  - 0:00
Last Minute Defensive  - 0:00
Total
Forward - 60:00
Defense - 60:00
% Time on Ice - NORTH DAKOTA HAWKS
Lines # - Real PCT - Wanted PCT - Time Play
Normal Forward
1 - 32% - 31% - 15:21
2 - 31% - 31% - 15:08
3 - 23% - 23% - 11:10
4 - 13% - 15% - 6:27
Normal Defense
1 - 40% - 42% - 19:19
2 - 37% - 36% - 17:42
3 - 12% - 12% - 5:47
4 - 11% - 10% - 5:18
PP Forward
1 - 55% - 65% - 1:06
2 - 45% - 35% - 0:53
PP Defense
1 - 55% - 65% - 1:06
2 - 45% - 35% - 0:53
PK Forward
1 - 62% - 55% - 6:09
2 - 38% - 45% - 3:46
PK Defense
1 - 61% - 55% - 6:02
2 - 39% - 45% - 3:53
PK3 Forward
1 - 0% - 55%
2 - 0% - 45%
PK3 Defense
1 - 0% - 55%
2 - 0% - 45%
44 Forward
1 - 0% - 55%
2 - 0% - 45%
44 Defense
1 - 0% - 55%
2 - 0% - 45%
Last Minute Offensive  - 0:00
Last Minute Defensive  - 0:00
Total
Forward - 60:00
Defense - 60:00
Play-by-Play 1st period 0:01 of 1st period - William Karlsson wins face-off versus Jack Hughes in neutral zone. 1:17 of 1st period - Icing by Nick Suzuki. 1:18 of 1st period - Ryan O'Reilly wins face-off versus Nick Suzuki in NORTH DAKOTA HAWKS zone. 1:29 of 1st period - Shot by Andreas Athanasiou. 1:29 of 1st period - Shot Misses the Net. 1:31 of 1st period - Shot by Ryan O'Reilly. 1:31 of 1st period - Shot Misses the Net. 1:33 of 1st period - Shot by Jaden Schwartz. 1:33 of 1st period - Stopped by Linus Ullmark without a rebound. 1:34 of 1st period - Ryan O'Reilly wins face-off versus Frederick Gaudreau in NORTH DAKOTA HAWKS zone. 2:02 of 1st period - Shot by Ryan O'Reilly. 2:02 of 1st period - Stopped by Linus Ullmark without a rebound. 2:03 of 1st period - Nico Sturm wins face-off versus Seth Jarvis in NORTH DAKOTA HAWKS zone. 2:25 of 1st period - Shot by Beck Malenstyn. 2:25 of 1st period - Shot Misses the Net. 2:29 of 1st period - Shot by Nico Sturm. 2:29 of 1st period - Shot Misses the Net. 2:31 of 1st period - Shot by Beck Malenstyn. 2:31 of 1st period - Stopped by Ukko-Pekka Luukkonen without a rebound. 2:32 of 1st period - Cody Glass wins face-off versus Reyley Smith in LONG BEACH BARACUDAS zone. 2:54 of 1st period - Icing by Nick Blankenburg. 2:55 of 1st period - Nick Suzuki wins face-off versus Ryan O'Reilly in NORTH DAKOTA HAWKS zone. 2:55 of 1st period - Nick Suzuki is hit by Ryan O'Reilly. 2:58 of 1st period - Reyley Smith is hit by Ryan O'Reilly and loses puck. 3:13 of 1st period - Shot by Nick Suzuki. 3:13 of 1st period - Stopped by Ukko-Pekka Luukkonen without a rebound. 3:14 of 1st period - Seth Jarvis wins face-off versus Frederick Gaudreau in LONG BEACH BARACUDAS zone. 3:30 of 1st period - Shot by Seth Jarvis. 3:30 of 1st period - Stopped by Linus Ullmark without a rebound. 3:31 of 1st period - Nico Sturm wins face-off versus Ryan O'Reilly in NORTH DAKOTA HAWKS zone. 3:42 of 1st period - Shot by Beck Malenstyn. 3:42 of 1st period - Shot Misses the Net. 4:02 of 1st period - Shot by Ryan O'Reilly. 4:02 of 1st period - Goal by Ryan O'Reilly - LONG BEACH BARACUDAS : 1 - NORTH DAKOTA HAWKS : 0. 4:03 of 1st period - William Karlsson wins face-off versus Jack Hughes in neutral zone. 4:41 of 1st period - Minor Penalty to Jonas Siegenthaler for Holding. 4:42 of 1st period - Nico Sturm wins face-off versus Ryan O'Reilly in NORTH DAKOTA HAWKS zone. 5:08 of 1st period - Shot by Beck Malenstyn. 5:08 of 1st period - Deflect By Nico Sturm. 5:08 of 1st period - Shot Misses the Net. 5:20 of 1st period - Shot by Jaden Schwartz. 5:20 of 1st period - Stopped by Linus Ullmark with a rebound. 5:46 of 1st period - Shot by William Karlsson. 5:46 of 1st period - Stopped by Linus Ullmark with a rebound. 6:44 of 1st period - Shot by William Karlsson. 6:44 of 1st period - Stopped by Linus Ullmark without a rebound. 6:45 of 1st period - Nick Suzuki wins face-off versus Cody Glass in NORTH DAKOTA HAWKS zone. 6:52 of 1st period - Shot by Jake DeBrusk. 6:52 of 1st period - Deflect By Nick Suzuki. 6:52 of 1st period - Shot Blocked by William Karlsson. 7:02 of 1st period - Shot by Cody Glass. 7:02 of 1st period - Stopped by Linus Ullmark with a rebound. 8:30 of 1st period - Shot by Andreas Athanasiou. 8:30 of 1st period - Shot Misses the Net. 8:32 of 1st period - Shot by Ryan O'Reilly. 8:32 of 1st period - Stopped by Linus Ullmark without a rebound. 8:33 of 1st period - Ryan O'Reilly wins face-off versus Jack Hughes in NORTH DAKOTA HAWKS zone. 8:40 of 1st period - Shot by Andreas Athanasiou. 8:40 of 1st period - Stopped by Linus Ullmark without a rebound. 8:41 of 1st period - Jack Hughes wins face-off versus Ryan O'Reilly in NORTH DAKOTA HAWKS zone. 8:41 of 1st period - Jack Hughes is hit by Ryan O'Reilly. 8:48 of 1st period - Ryan Hartman is hit by Kevin Gravel. 9:55 of 1st period - Justin Danforth is hit by Kyle Connor and loses puck. 10:12 of 1st period - Shot by Mark Stone. 10:12 of 1st period - Shot Misses the Net. 10:14 of 1st period - Shot by Kyle Connor. 10:14 of 1st period - Deflect By Mark Stone. 10:14 of 1st period - Shot Misses the Net. 10:16 of 1st period - Shot by Kyle Connor. 10:16 of 1st period - Deflect By William Karlsson. 10:16 of 1st period - Shot Misses the Net. 10:18 of 1st period - Shot by Mark Stone. 10:18 of 1st period - Stopped by Linus Ullmark without a rebound. 10:19 of 1st period - Nick Suzuki wins face-off versus Seth Jarvis in NORTH DAKOTA HAWKS zone. 10:35 of 1st period - Shot by Seth Jarvis. 10:35 of 1st period - Shot Misses the Net. 10:37 of 1st period - Shot by Teuvo Teravainen. 10:37 of 1st period - Stopped by Linus Ullmark without a rebound. 10:38 of 1st period - Nico Sturm wins face-off versus Cody Glass in NORTH DAKOTA HAWKS zone. 10:52 of 1st period - Beck Malenstyn is hit by Anton Stralman and loses puck. 11:26 of 1st period - Icing by Mathew Dumba. 11:27 of 1st period - Seth Jarvis wins face-off versus Nico Sturm in NORTH DAKOTA HAWKS zone. 11:28 of 1st period - Shot by Teuvo Teravainen. 11:28 of 1st period - Shot Misses the Net. 12:15 of 1st period - Jake DeBrusk is hit by Louie Belpedio and loses puck. 12:26 of 1st period - Shot by Nick Suzuki. 12:26 of 1st period - Deflect By Jake DeBrusk. 12:26 of 1st period - Stopped by Ukko-Pekka Luukkonen without a rebound. 12:27 of 1st period - Cody Glass wins face-off versus Jack Hughes in LONG BEACH BARACUDAS zone. 13:30 of 1st period - Shot by Andreas Athanasiou. 13:30 of 1st period - Stopped by Linus Ullmark without a rebound. 13:31 of 1st period - Nick Suzuki wins face-off versus Seth Jarvis in NORTH DAKOTA HAWKS zone. 13:31 of 1st period - Jake DeBrusk is hit by Seth Jarvis and loses puck. 13:49 of 1st period - Shot by Jake DeBrusk. 13:49 of 1st period - Stopped by Ukko-Pekka Luukkonen without a rebound. 13:50 of 1st period - Ryan O'Reilly wins face-off versus Frederick Gaudreau in LONG BEACH BARACUDAS zone. 13:50 of 1st period - Ryan O'Reilly is hit by Justin Danforth. 14:02 of 1st period - Shot by Andreas Athanasiou. 14:02 of 1st period - Deflect By Jaden Schwartz. 14:02 of 1st period - Shot Blocked by Jonas Siegenthaler. 14:21 of 1st period - Shot by Justin Danforth. 14:21 of 1st period - Shot Misses the Net. 14:23 of 1st period - Shot by Justin Danforth. 14:23 of 1st period - Shot Blocked by Ethan Prow. 14:25 of 1st period - Shot by Cale Makar. 14:25 of 1st period - Goal by Cale Makar - LONG BEACH BARACUDAS : 1 - NORTH DAKOTA HAWKS : 1. 14:26 of 1st period - William Karlsson wins face-off versus Jack Hughes in neutral zone. 14:42 of 1st period - Off-side. 14:43 of 1st period - Seth Jarvis wins face-off versus Nick Suzuki in neutral zone. 14:57 of 1st period - Shot by Teuvo Teravainen. 14:57 of 1st period - Shot Misses the Net. 14:59 of 1st period - Shot by Kyle Connor. 14:59 of 1st period - Shot Blocked by Nick Blankenburg. 15:01 of 1st period - Shot by Louie Belpedio. 15:01 of 1st period - Shot Blocked by Mathew Dumba. 15:03 of 1st period - Shot by Kyle Connor. 15:03 of 1st period - Stopped by Linus Ullmark without a rebound. 15:04 of 1st period - Jack Hughes wins face-off versus Ryan O'Reilly in NORTH DAKOTA HAWKS zone. 15:45 of 1st period - Shot by Jack Hughes. 15:45 of 1st period - Shot Misses the Net. 15:47 of 1st period - Shot by Jonas Siegenthaler. 15:47 of 1st period - Stopped by Ukko-Pekka Luukkonen with a rebound. 15:55 of 1st period - Jaden Schwartz is hit by Ryan Hartman and loses puck. 17:10 of 1st period - Icing by Justin Braun. 17:11 of 1st period - Nico Sturm wins face-off versus Ryan O'Reilly in LONG BEACH BARACUDAS zone. 17:14 of 1st period - Shot by Garnet Hathaway. 17:14 of 1st period - Shot Hit the Post. 17:34 of 1st period - Andreas Athanasiou is hit by Garnet Hathaway and loses puck. 17:47 of 1st period - Shot by Garnet Hathaway. 17:47 of 1st period - Shot Misses the Net. 18:01 of 1st period - Shot by Jack Hughes. 18:01 of 1st period - Shot Blocked by Jaden Schwartz. 18:13 of 1st period - Shot by Jason Robertson. 18:13 of 1st period - Stopped by Ukko-Pekka Luukkonen without a rebound. 18:14 of 1st period - Nick Suzuki wins face-off versus William Karlsson in LONG BEACH BARACUDAS zone. 18:48 of 1st period - Shot by Mark Stone. 18:48 of 1st period - Goal by Mark Stone - LONG BEACH BARACUDAS : 2 - NORTH DAKOTA HAWKS : 1. 18:49 of 1st period - Frederick Gaudreau wins face-off versus Seth Jarvis in neutral zone. 19:53 of 1st period - Off-side. 19:54 of 1st period - Jack Hughes wins face-off versus Cody Glass in neutral zone. Goals for this period are 2 for LONG BEACH BARACUDAS vs 1 for NORTH DAKOTA HAWKS. Shots for this period are 15 for LONG BEACH BARACUDAS vs 7 for NORTH DAKOTA HAWKS. 2nd period 0:01 of 2nd period - Jack Hughes wins face-off versus William Karlsson in neutral zone. 0:16 of 2nd period - Shot by Jack Hughes. 0:16 of 2nd period - Goal by Jack Hughes - LONG BEACH BARACUDAS : 2 - NORTH DAKOTA HAWKS : 2. 0:17 of 2nd period - Jake DeBrusk wins face-off versus Ryan O'Reilly in neutral zone. 0:44 of 2nd period - Shot by Jaden Schwartz. 0:44 of 2nd period - Stopped by Linus Ullmark without a rebound. 0:45 of 2nd period - William Karlsson wins face-off versus Jack Hughes in NORTH DAKOTA HAWKS zone. 1:26 of 2nd period - Off-side. 1:27 of 2nd period - Nick Suzuki wins face-off versus Ryan O'Reilly in neutral zone. 1:39 of 2nd period - Icing by Erik Johnson. 1:40 of 2nd period - Nick Suzuki wins face-off versus Ryan O'Reilly in NORTH DAKOTA HAWKS zone. 1:40 of 2nd period - Nick Suzuki is hit by Andreas Athanasiou. 1:59 of 2nd period - Shot by Jaden Schwartz. 1:59 of 2nd period - Shot Blocked by Erik Johnson. 2:01 of 2nd period - Shot by Ryan O'Reilly. 2:01 of 2nd period - Deflect By Andreas Athanasiou. 2:01 of 2nd period - Stopped by Linus Ullmark without a rebound. 2:02 of 2nd period - William Karlsson wins face-off versus Jack Hughes in NORTH DAKOTA HAWKS zone. 2:16 of 2nd period - Shot by Mark Stone. 2:16 of 2nd period - Shot Misses the Net. 2:18 of 2nd period - Shot by Kyle Connor. 2:18 of 2nd period - Deflect By Mark Stone. 2:18 of 2nd period - Stopped by Linus Ullmark with a rebound. 2:42 of 2nd period - Shot by Kyle Connor. 2:42 of 2nd period - Deflect By William Karlsson. 2:42 of 2nd period - Shot Misses the Net. 2:44 of 2nd period - Shot by William Karlsson. 2:44 of 2nd period - Stopped by Linus Ullmark without a rebound. 2:45 of 2nd period - Ryan O'Reilly wins face-off versus Frederick Gaudreau in NORTH DAKOTA HAWKS zone. 2:46 of 2nd period - Shot by Andreas Athanasiou. 2:46 of 2nd period - Shot Misses the Net. 3:20 of 2nd period - Icing by Jaden Schwartz. 3:21 of 2nd period - Ryan O'Reilly wins face-off versus Nick Suzuki in LONG BEACH BARACUDAS zone. 3:39 of 2nd period - Shot by Nick Suzuki. 3:39 of 2nd period - Shot Blocked by Andreas Athanasiou. 3:42 of 2nd period - Icing by Andreas Athanasiou. 3:43 of 2nd period - Nico Sturm wins face-off versus Ryan O'Reilly in LONG BEACH BARACUDAS zone. 3:48 of 2nd period - Shot by Garnet Hathaway. 3:48 of 2nd period - Shot Misses the Net. 4:06 of 2nd period - Icing by Ryan O'Reilly. 4:07 of 2nd period - Reyley Smith wins face-off versus Ryan O'Reilly in LONG BEACH BARACUDAS zone. 4:42 of 2nd period - Shot by Kyle Connor. 4:42 of 2nd period - Stopped by Linus Ullmark with a rebound. 4:56 of 2nd period - Shot by William Karlsson. 4:56 of 2nd period - Stopped by Linus Ullmark without a rebound. 4:57 of 2nd period - Jack Hughes wins face-off versus Seth Jarvis in NORTH DAKOTA HAWKS zone. 6:34 of 2nd period - Icing by Cale Makar. 6:35 of 2nd period - Ryan O'Reilly wins face-off versus Jack Hughes in NORTH DAKOTA HAWKS zone. 6:59 of 2nd period - Shot by Andreas Athanasiou. 6:59 of 2nd period - Shot Misses the Net. 7:01 of 2nd period - Shot by Ryan O'Reilly. 7:01 of 2nd period - Shot Blocked by Ryan Lindgren. 7:03 of 2nd period - Shot by Jaden Schwartz. 7:03 of 2nd period - Shot Blocked by Ryan Lindgren. 7:05 of 2nd period - Shot by Ryan O'Reilly. 7:05 of 2nd period - Shot